 Dungeon Crawl Stone Soup version 0.17-a0-1637-g5d65775 (webtiles) character file.

567 esc the Carver (level 7, -5/58 HPs)
             Began as a Minotaur Gladiator on Aug 7, 2015.
             Was an Initiate of Okawaru.
             Killed by divine providence
             ... invoked by an orc priest
              (14 damage)
             ... on level 5 of the Dungeon.
             The game lasted 00:11:21 (4531 turns).

esc the Carver (Minotaur Gladiator)                 Turns: 4531, Time: 00:11:21

Health: -5/58      AC:  6    Str: 19    XL:     7   Next: 11%
Magic:  7/7        EV:  8    Int:  5    God:    Okawaru [......]
Gold:   247        SH:  0    Dex: 13    Spells: 0 memorised, 6 levels left

rFire  . . .     SeeInvis .     a - +0 long sword
rCold  . . .     Clarity  .     b - +0 leather armour
rNeg   + . .     SustAt   .     (no shield)
rPois  .         Gourm    .     c - +0 hat
rElec  .         Spirit   .     n - +0 cloak
rCorr  .         Warding  +     (no gloves)
rMut   .         Stasis   .     p - +1 pair of boots {run}
MR     .....                    u - amulet of warding {Ward, rN+, !d}
Stlth  +.........               (no ring)
                                (no ring)

@: quick, not resistant to hostile enchantments, very unstealthy
A: retaliatory headbutt, horns 2
a: Renounce Religion


You were on level 5 of the Dungeon.
You worshipped Okawaru.
Okawaru was noncommittal.
You were not hungry.

You visited 2 branches of the dungeon, and saw 6 of its levels.
You also visited: Ossuary.

You collected 247 gold pieces.

Inventory:

Hand weapons
 a - a +0 long sword (weapon)
 s - a +0 blowgun
   (You took it off a kobold on level 3 of the Dungeon)
Missiles
 d - 3 throwing nets {=f, !d}
 t - 47 poisoned needles
 y - 5 tomahawks (quivered)
Armour
 b - a +0 leather armour (worn)
 c - a +0 hat (worn)
 n - a +0 cloak (worn)
   (You found it on level 2 of the Dungeon)
 p - a +1 pair of boots of running (worn)
   (You found it on level 3 of the Dungeon)
Jewellery
 u - an amulet of warding (around neck) {Ward, rN+, !d}
   (You took it off an orc on level 3 of the Dungeon)
 x - an uncursed amulet of the gourmand {Gourm, !d}
   (You found it on level 3 of the Dungeon)
Magical devices
 H - a wand of magic darts (30)
   (You found it on level 5 of the Dungeon)
Scrolls
 f - 5 scrolls of remove curse
 i - 2 scrolls of amnesia {unknown}
 j - 14 scrolls of identify {unknown}
 m - a scroll of enchant weapon {unknown}
 r - a scroll of noise {unknown}
 z - a scroll of blinking {unknown}
 B - a scroll of acquirement {unknown}
 E - a scroll of enchant armour {unknown}
 I - a scroll of magic mapping {unknown}
Potions
 g - a potion of resistance {unknown}
 h - 2 potions of heal wounds
 k - a potion of might
 l - 3 potions of invisibility {unknown}
 o - a potion of brilliance {unknown}
 v - 3 potions of curing {unknown}
 w - a potion of poison {unknown}
 A - 2 potions of lignification {unknown}
 F - a potion of agility {unknown}
 G - 3 potions of haste {unknown}
 J - a potion of degeneration {unknown}
Comestibles
 e - 2 bread rations {@e1}
 q - 2 meat rations {@e2}
 D - 2 slices of pizza


   Skills:
 + Level 3.8 Fighting
 - Level 8.9 Long Blades
 - Level 2.0 Throwing
 - Level 3.2 Dodging
 + Level 2.2 Invocations


You had 6 spell levels left.
You didn't know any spells.

Dungeon Overview and Level Annotations

Branches:
Dungeon (5/15)             Temple (1/1) D:4

Altars:
Elyvilon
Fedhas
Gozag
Kikubaaqudgha
Nemelex Xobeh
Okawaru
Xom
The Shining One


Innate Abilities, Weirdness & Mutations

You reflexively headbutt those who attack you in melee.
You have a pair of horns on your head.


Message History

You feel sick.
K - a scroll labeled APRIYH UDIWN You take 5 damage, and have 26/57 hp.
You feel sick.
You feel sick.
You feel sick.
Found a stone staircase leading down.
You take 1 damage, and have 25/57 hp.
Read which item? (? for menu, Esc to quit)
As you read the scroll labeled APRIYH UDIWN, it crumbles to dust.
The air around you briefly surges with heat, but it dissipates.
It was a scroll of immolation.
You feel sick.
You are no longer poisoned.
You now have 247 gold pieces (gained 18).
A crimson imp comes into view.
The crimson imp shouts!
You regained 2 hp, and now have 27/57 hp.
Read which item? (? for menu, Esc to quit)
As you read the scroll labeled ELUINNALAI, it crumbles to dust.
The scroll dissolves into smoke.
It was a scroll of fog.
You hit the crimson imp.
The crimson imp hits you but does no damage.
You closely miss the crimson imp. Your headbutt misses the crimson imp.
The crimson imp blinks!
You hit the crimson imp. You slash the crimson imp!
The crimson imp hits you but does no damage.
You miss the crimson imp.
The crimson imp grins evilly.
The crimson imp hits you but does no damage.
You slash the crimson imp!
You kill the crimson imp!
Okawaru accepts your kill.
Your Invocations skill increases to level 2!
You are feeling hungry.
No target in view!
You start resting.
Eating one of 2 chunks of flesh {@w0}.
You continue eating. x2
A giant gecko comes into view.
You regained 13 hp, and now have 42/58 hp.
You hit the giant gecko. Your headbutt misses the giant gecko.
The giant gecko misses you. You furiously retaliate!
You headbutt the giant gecko!
You kill the giant gecko!
Okawaru accepts your kill.
No target in view!
All of the chunks of flesh in your inventory have rotted away.
B - a scroll labeled HEHEAMICEA
G - 3 metallic emerald potions (gained 2)
You start resting.
Health restored: 58 As you open the door, it creaks loudly!
You hear a shout!
An orc comes into view. It is wielding a flail.
The orc shouts!
The orc moves out of view.
A hound comes into view.
There is an open door here.
An orc priest comes into view.
An orc priest comes into view. It is wielding a club.
Found a shimmering altar of Xom.
The orc closely misses you.
An orc priest comes into view.
You barely miss the orc.
The orc priest shouts!
Your headbutt misses the orc.
The orc priest casts a cantrip, but nothing happens.
The hound misses you. You furiously retaliate!
You headbutt the hound. The orc misses you.
The orc priest looks braver for a moment.
The orc priest mumbles some strange prayers to Beogh against you.
Something smites you! The hound misses you. You furiously retaliate!
You headbutt the hound.
You take 11 damage, and have 47/58 hp.
There is an open door here.
You open the door. The hound bites you but does no damage. The hound bites you.
You take 3 damage, and have 44/58 hp.
There is an open door here.
The hound barely misses you.
The orc priest invokes the aid of Beogh against you.
Something smites you!
You take 10 damage, and have 34/58 hp.
The orc priest casts a cantrip, but nothing happens.
The hound misses you. The hound barely misses you. You furiously retaliate!
You headbutt the hound.
There is a stone staircase leading up here.
You can't go up here!
The hound closely misses you. You furiously retaliate!
You headbutt the hound. The hound barely misses you.
The orc priest invokes the aid of Beogh against you.
Something smites you! The orc hits you with a flail.
* * * LOW HITPOINT WARNING * * *
You take 20 damage, and have 15/58 hp.
MASSIVE DAMAGE!!
There is a stone staircase leading up here.
The hound bites you but does no damage.
The orc priest invokes the aid of Beogh against you.
Something smites you!
* * * LOW HITPOINT WARNING * * *
The orc priest mumbles some strange prayers to Beogh against you.
Something smites you!
You die...

.......#.........##...[...#....##
.......#.........#........#ยง....#
.....%.'.........#........#.....#
.......#.#.....###........#.....#
##+#####'#.#...#..........##>....
#.....#...#.#........####...
#.....o.#+#.........#####...
.##..........#...........####.
.............o@...........# #.
.......#..o..h............####.
.......#......#................
......##.#<....................
...... #.......................
..#####........................
............................
...........##................
.............................


You could see a hound, 2 orc priests and an orc.

Vanquished Creatures
  A giant frog (D:5)
  A scorpion (D:4)
  An orc priest (D:3)
  2 crimson imps (D:5)
  2 worker ants
  12 mummies (Ossuary)
  Robin (D:4)
  6 adders
  An adder skeleton (D:4)
  7 orcs (D:3)
  15 goblins
  6 hobgoblins
  2 ball pythons
  12 bats
  6 giant cockroaches
  3 giant geckos
  3 giant newts
  2 gnoll skeletons (Ossuary)
  A goblin skeleton (Ossuary)
  4 jackals (D:2)
  9 kobolds
  2 kobold skeletons (Ossuary)
  3 orc skeletons (Ossuary)
  3 rats
  11 rat skeletons (Ossuary)
116 creatures vanquished.

Notes
Turn   | Place    | Note
--------------------------------------------------------------
     0 | D:1      | esc the Minotaur Gladiator began the quest for the Orb.
     0 | D:1      | Reached XP level 1. HP: 18/18 MP: 0/0
   110 | D:1      | Reached skill level 4 in Long Blades
   173 | D:1      | Reached XP level 2. HP: 20/25 MP: 1/1
   594 | D:2      | Reached skill level 5 in Long Blades
   803 | D:2      | Reached XP level 3. HP: 25/30 MP: 2/2
  1632 | D:3      | Reached XP level 4. HP: 37/37 MP: 3/3
  1646 | D:3      | Identified a +1 pair of boots of running (You found it on level 3 of the Dungeon)
  1665 | D:3      | Reached skill level 6 in Long Blades
  2360 | D:4      | Noticed Robin
  2383 | D:4      | Reached XP level 5. HP: 42/42 MP: 4/4
  2389 | D:4      | Killed Robin
  2389 | D:4      | Reached skill level 7 in Long Blades
  2445 | D:4      | Found a sand-covered staircase.
  2454 | Ossuary  | Entered an ossuary
  3073 | Ossuary  | Reached skill level 8 in Long Blades
  3297 | Ossuary  | Reached XP level 6. HP: 46/50 MP: 5/5
  3581 | D:4      | Found a staircase to the Ecumenical Temple.
  3604 | Temple   | Entered the Ecumenical Temple
  3613 | Temple   | Became a worshipper of Warmaster Okawaru
  4141 | D:5      | Entered Level 5 of the Dungeon
  4146 | D:5      | Reached skill level 3 in Fighting
  4146 | D:5      | Reached skill level 1 in Invocations
  4291 | D:5      | Reached XP level 7. HP: 35/57 MP: 7/7
  4351 | D:5      | Reached skill level 2 in Invocations
  4510 | D:5      | Found a shimmering altar of Xom.
  4531 | D:5      | HP: 9/58 [orc priest/divine providence (7)]
  4531 | D:5      | Killed from afar by an orc priest

Vault maps used:
D:1:      scummos_arrival_simple_crosswalls, minmay_misc_feat_room
D:2:      first_bread, hangedman_decor_clover_reticule
D:4:      minmay_temple_entry_water_ring, nicolae_ossuary_entry_monument,
          uniq_robin
D:5:      old_standard_altar, minmay_misc_feat_doors, uniq_sigmund
Temple:   circular_temple_12
Ossuary:  ossuary_due_small_catacomb

Action                   |  1- 3 |  4- 6 |  7- 9 || total
-------------------------+-------+-------+-------++-------
Melee: Long sword        |    75 |   160 |     8 ||   243
 Fire: Blowgun           |       |     3 |       ||     3
  Use: Scroll            |     4 |     1 |     2 ||     7
       Potion            |       |     2 |       ||     2
 Stab: Sleeping          |       |     1 |       ||     1
  Eat: Chunk             |     2 |     5 |     1 ||     8
       Pizza             |       |     2 |       ||     2

Vault maps used:
D:1:      scummos_arrival_simple_crosswalls, minmay_misc_feat_room
D:2:      first_bread, hangedman_decor_clover_reticule
D:4:      minmay_temple_entry_water_ring, nicolae_ossuary_entry_monument,
          uniq_robin
D:5:      old_standard_altar, minmay_misc_feat_doors, uniq_sigmund
Temple:   circular_temple_12
Ossuary:  ossuary_due_small_catacomb

Table legend:
 A = Turns spent in this place as a percentage of turns spent in the entire game.
 B = Non-inter-level travel turns spent in this place as a percentage of non-inter-level travel turns spent in the entire game.
 C = Inter-level travel turns spent in this place as a percentage of turns spent in this place.
 D = Turns resting spent in this place as a percentage of non-inter-level travel turns spent in this place.
 E = Turns spent auto-exploring this place as a percentage of non-inter-level travel turns spent in this place.
 F = Non-inter-level travel turns spent in this place divided by the number of levels of this place that you've seen.
                   A       B       C       D       E      F
               +-------+-------+-------+-------+-------+----------------------
         Total | 100.0 | 100.0 |   0.4 |   2.8 |  10.7 | 166.0
       Dungeon |  79.9 |  79.9 |   0.5 |   1.7 |  11.3 | 185.6
        Temple |   1.6 |   1.6 |   0.0 |   0.0 |   5.3 |  19.0
       Ossuary |  18.4 |  18.5 |   0.0 |   7.4 |   8.4 | 215.0
               +-------+-------+-------+-------+-------+----------------------

Table legend:
 A = Kills in this place as a percentage of kills in entire the game.
 B = Kills by you in this place as a percentage of kills by you in the entire game.
 C = Kills by friends in this place as a percentage of kills by friends in the entire game.
 D = Other kills in this place as a percentage of other kills in the entire game.
 E = Experience gained in this place as a percentage of experience gained in the entire game.
 F = Experience gained in this place divided by the number of levels of this place that you have seen.
                   A       B       C       D       E      F
               +-------+-------+-------+-------+-------+----------------------
         Total | 100.0 | 100.0 |  -nan |  -nan | 100.0 | 115.9
       Dungeon |  73.3 |  73.3 |  -nan |  -nan |  71.3 | 115.6
       Ossuary |  26.7 |  26.7 |  -nan |  -nan |  28.7 | 233.0
               +-------+-------+-------+-------+-------+----------------------
